 Dungeon Crawl Stone Soup version 0.17.0-24-gcfadda4 (webtiles) character file.

3122 Azhtabak the Martial Artist (level 9, -2/54 HPs)
             Began as a Deep Elf Monk on Nov 16, 2015.
             Was a Priest of Elyvilon.
             Slain by a hippogriff (6 damage)
             ... on level 9 of the Dungeon.
             The game lasted 00:40:12 (11341 turns).

Azhtabak the Martial Artist (Deep Elf Monk)        Turns: 11341, Time: 00:40:12

Health: -2/54      AC:  9    Str:  8    XL:     9   Next: 60%
Magic:  10/11      EV: 11    Int: 16    God:    Elyvilon [***...]
Gold:   276        SH:  0    Dex: 29    Spells: 0 memorised, 8 levels left

rFire  . . .     SeeInvis +       - Unarmed
rCold  . . .     Clarity  .     N - +0 scale mail "Matsyllo" {Dex+6 SInv} (curse)
rNeg   . . .     SustAt   .     (no shield)
rPois  .         Gourm    .     (no helmet)
rElec  .         Spirit   .     (no cloak)
rCorr  .         Warding  .     (no gloves)
rMut   .         Stasis   .     G - +1 pair of boots
MR     .....                    (no amulet)
Stlth  +++.......               C - ring of stealth
                                z - +3 ring of dexterity

@: not resistant to hostile enchantments, fairly stealthy
A: no striking features
a: Lesser Healing, Heal Other, Purification, Divine Protection, Renounce
Religion


You were on level 9 of the Dungeon.
You worshipped Elyvilon.
Elyvilon was most pleased with you.
You were hungry.

You visited 2 branches of the dungeon, and saw 10 of its levels.

You collected 339 gold pieces.
You spent 63 gold pieces at shops.

Inventory:

Hand Weapons
 b - a +1 shortbow of freezing
 x - a +0 hunting sling
 F - a +0 blowgun
Missiles
 c - 66 sling bullets
 h - 236 stones (quivered)
 y - 80 arrows
 A - 26 poisoned needles
 B - 12 tomahawks
 E - 6 curare-tipped needles
 L - 2 javelins
Armour
 G - a +1 pair of boots (worn)
 N - the cursed +0 scale mail "Matsyllo" (worn) {Dex+6 SInv}
   (You found it on level 5 of the Dungeon)

   It affects your dexterity (+6).
   It lets you see invisible.
   It has a curse placed upon it.
Magical Staves
 s - an uncursed staff of air
Jewellery
 f - an uncursed ring of stealth
 z - a +3 ring of dexterity (left hand)
 C - a ring of stealth (right hand)
Wands
 q - a wand of digging (18)
 D - a wand of slowing (22)
 H - a wand of lightning (15)
 S - a wand of disintegration (16)
Scrolls
 a - a scroll of magic mapping
 g - 7 scrolls of remove curse
 j - a scroll of recharging
 l - a scroll of noise {unknown}
 m - a scroll of teleportation
 p - 3 scrolls of amnesia
 t - a scroll of enchant armour
 w - a scroll of identify
 I - a scroll of enchant weapon
 K - a scroll of immolation {unknown}
 R - a scroll of blinking {unknown}
Potions
 e - 2 potions of magic {unknown}
 i - 2 potions of invisibility {unknown}
 n - 2 potions of heal wounds {unknown}
 o - 3 potions of flight {unknown}
 r - 5 potions of might
 v - 2 potions of agility {unknown}
 M - a potion of brilliance {unknown}
 O - a potion of berserk rage {unknown}
 Q - a potion of ambrosia {unknown}
Books
 u - a book of Ice

   Spells                             Type                      Level
   a - Ice Form                       Ice/Transmutation            4
   b - Metabolic Englaciation         Hexes/Ice                    5
   c - Ozocubu's Refrigeration        Ice                          6
   d - Bolt of Cold                   Conjuration/Ice              6
   e - Freezing Cloud                 Conjuration/Ice/Air          6
   f - Simulacrum                     Ice/Necromancy               6
Comestibles
 d - 4 meat rations
 k - a beef jerky
 J - 3 fruits


   Skills:
 - Level 5.2 Fighting
 * Level 3.5 Bows
 - Level 5.3 Armour
 + Level 4.9 Dodging
 - Level 2.4 Stealth
 - Level 8.5 Unarmed Combat
 + Level 1.3 Invocations


You had 8 spell levels left.
You didn't know any spells.

Dungeon Overview and Level Annotations

Branches:
Dungeon (9/15)             Temple (1/1) D:5
   Lair: D:8-11         Orc: D:9-12

Altars:
Ashenzari
Cheibriados
Dithmenos
Elyvilon
Fedhas
Gozag
Kikubaaqudgha
Makhleb
Nemelex Xobeh
Okawaru
Qazlal
Ru
Trog
Vehumet
Xom
Yredelemnul
Zin
The Shining One

Shops:
D:9 (

Annotations:
D:2 1 exclusion
D:7 Dowan, Duvessa, Joseph
D:9 Maurice


Message History

* * * LOW HITPOINT WARNING * * *
The hippogriff bites you but does no damage.
The hippogriff barely misses you.
The hippogriff claws you but does no damage.
You are healed.
You feel somewhat more hungry. The hippogriff barely misses you.
The hippogriff pecks you but does no damage.
The hippogriff barely misses you.
The ogre hits you with a giant spiked club!
* * * LOW HITPOINT WARNING * * *
Read which item? (? for menu, Esc to quit)
As you read the scroll labeled AMIBODAEDU, it crumbles to dust.
It is a scroll of enchant weapon.
Enchant which weapon? (? for menu, Esc to quit)
Your +0 shortbow of freezing glows red for a moment.
The hippogriff bites you.
* * * LOW HITPOINT WARNING * * *
The hippogriff pecks you but does no damage.
The hippogriff claws you.
You die...

#. ###..# . #....
#. ...# #.. _.. #
######### #
#8#.._#_..#8#
#.#...#.O.#.#
#... #@H..(#
#..#####(..#
#@..8#8...(#
#.##.#........#
#.....O.......#
######...........
#........#.#
#............
#........#.#.


You could see a hippogriff and an ogre.

Vanquished Creatures
  The ghost of DrakieV the Skirmisher, a novice CeAE of Makhleb (D:6)
  A wyvern (D:8)
  Menkaure (D:7)
  2 water moccasins
  2 orc warriors
  A sky beast (D:5)
  2 phantoms
  An ice beast (D:7)
  2 centaurs
  A scorpion (D:8)
  A water moccasin skeleton (D:4)
  5 wights
  2 crimson imps (D:7)
  A giant frog skeleton (D:6)
  A centaur zombie (D:5)
  An orc priest (D:5)
  2 jellies
  A centaur skeleton (D:6)
  3 giant frog zombies
  4 hounds
  11 worker ants
  7 orc wizards
  A hound zombie (D:5)
  2 hound skeletons
  3 gnolls (D:8)
  7 adders
  A shadow imp (D:5)
  An adder zombie (D:8)
  5 worms
  5 giant geckos
  31 orcs
  6 bats
  4 giant cockroaches
  6 goblins
  12 hobgoblins
  16 jackals
  5 kobolds
  5 quokkas
  A ball python (D:1)
  2 giant gecko zombies (D:5)
  2 giant newts (D:2)
  A jackal skeleton (D:8)
  6 rats
175 creatures vanquished.

Notes
Turn   | Place    | Note
--------------------------------------------------------------
     0 | D:1      | Azhtabak the Deep Elf Monk began the quest for the Orb.
     0 | D:1      | Reached XP level 1. HP: 13/13 MP: 3/3
   467 | D:1      | Reached XP level 2. HP: 4/18 MP: 4/4
  1215 | D:1      | Reached skill level 4 in Unarmed Combat
  1396 | D:2      | Reached XP level 3. HP: 17/22 MP: 5/5
  2013 | D:3      | Found a faded altar to an unknown god.
  2047 | D:3      | Became a worshipper of Elyvilon the Healer
  2047 | D:3      | Reached * piety under Elyvilon
  2047 | D:3      | Reached ** piety under Elyvilon
  2215 | D:3      | Reached *** piety under Elyvilon
  2510 | D:3      | Reached XP level 4. HP: 22/27 MP: 6/6
  2744 | D:4      | Reached skill level 5 in Unarmed Combat
  3268 | D:4      | Reached XP level 5. HP: 26/31 MP: 7/7
  3770 | D:4      | Reached skill level 6 in Unarmed Combat
  3929 | D:4      | Reached XP level 6. HP: 34/36 MP: 8/8
  4089 | D:4      | Found a snail-covered altar of Cheibriados.
  4427 | D:5      | Entered Level 5 of the Dungeon
  4893 | D:5      | Found a staircase to the Ecumenical Temple.
  5070 | D:5      | Reached XP level 7. HP: 30/40 MP: 9/9
  5105 | D:5      | Got a fine scale mail
  5116 | D:5      | Identified the cursed +0 scale mail "Matsyllo" {Dex+6 SInv} (You found it on level 5 of the Dungeon)
  5176 | D:5      | Noticed a water moccasin
  5186 | D:5      | Killed a water moccasin
  5186 | D:5      | Reached skill level 7 in Unarmed Combat
  5213 | D:5      | Reached skill level 1 in Armour
  5586 | Temple   | Entered the Ecumenical Temple
  6046 | D:6      | Reached **** piety under Elyvilon
  6126 | D:6      | Noticed DrakieV's ghost (novice CeAE)
  6739 | D:6      | Reached XP level 8. HP: 46/46 MP: 10/10
  6945 | D:6      | Killed DrakieV's ghost
  7743 | D:7      | Reached skill level 8 in Unarmed Combat
  8140 | D:7      | Noticed Menkaure
  8149 | D:7      | Killed Menkaure
  8389 | D:6      | Reached XP level 9. HP: 18/52 MP: 11/11
  8742 | D:7      | Reached skill level 5 in Armour
  8744 | D:7      | Noticed Joseph
  9028 | D:7      | Noticed Dowan
  9029 | D:7      | Noticed Duvessa
  9999 | D:8      | Reached skill level 5 in Fighting
 10039 | D:8      | Reached skill level 1 in Bows
 10949 | D:9      | Reached skill level 1 in Invocations
 10951 | D:9      | Found Kufrupp's Antique Weapon Emporium.
 10996 | D:9      | Bought a runed shortbow for 63 gold pieces
 11087 | D:9      | Noticed Maurice
 11090 | D:9      | Found an iron altar of Okawaru.
 11090 | D:9      | Found a burning altar of Makhleb.
 11090 | D:9      | Found a radiant altar of Vehumet.
 11341 | D:9      | Slain by a hippogriff

Action                   |  1- 3 |  4- 6 |  7- 9 || total
-------------------------+-------+-------+-------++-------
Melee: Unarmed           |   143 |   206 |   416 ||   765
 Fire: Hunting sling     |    22 |    32 |     4 ||    58
       Blowgun           |       |     7 |     5 ||    12
       Shortbow          |       |       |   126 ||   126
Throw: Stone             |    11 |       |     1 ||    12
Invok: Lesser Healing    |       |     7 |     6 ||    13
       Purification      |       |     1 |     2 ||     3
       Greater Healing   |       |       |     5 ||     5
  Use: Scroll            |     3 |       |     9 ||    12
       Potion            |       |     3 |     7 ||    10
 Stab: Sleeping          |     4 |     3 |     6 ||    13
       Distracted        |     1 |     1 |       ||     2
  Eat: Chunk             |     5 |     7 |     4 ||    16
       Pizza             |       |     1 |       ||     1
       Bread ration      |       |       |     3 ||     3
       Royal jelly       |       |       |     1 ||     1
       Meat ration       |       |       |     1 ||     1
